 Dungeon Crawl Stone Soup version 0.28-a0-1152-g9c71ebef14 (webtiles) character file.

Game seed: 8907545191028762362

604 spaghetti the Fighter (level 7, -14/80 HPs)
             Began as an Ogre Delver on Dec 14, 2021.
             Demolished by an orc warrior (15 damage)
             ... in a bailey.
             The game lasted 00:02:47 (546 turns).

spaghetti the Fighter (Ogre Delver)                  Turns: 546, Time: 00:02:47

Health: -14/80     AC:  3    Str: 17    XL:     7   Next: 42%
Magic:  7/7        EV:  9    Int: 13    God:
Gold:   28         SH:  0    Dex: 10    Spells: 6/6 levels left

rFire   . . .      SeeInvis .   a - +0 mace (spect) {mace}
rCold   . . .      Faith    .   (no shield)
rNeg    . . .      Spirit   .   b - +0 robe
rPois   .          Reflect  .   (helmet restricted)
rElec   .          Harm     .   (no cloak)
rCorr   .          Rampage  .   (gloves unavailable)
Will    .....                   (boots unavailable)
Stlth   ++........              (no amulet)
HPRegen 0.23/turn               (no ring)
MPRegen 0.10/turn               (no ring)

@: marked, hasted, very quick
A: large, unfitting armour, tough skin 1
a: no special abilities


You were in a bailey.
You visited 1 branch of the dungeon, and saw 4 of its levels.
You also visited: Bailey.

You collected 28 gold pieces.


Innate Abilities, Weirdness & Mutations

You are too large for most types of armour.
You have tough skin. (AC +1)


   Skills:
 + Level 8.2 Fighting
 + Level 5.2 Maces & Flails
 - Level 1.7 Dodging
 - Level 3.7 Stealth


You had 6 spell levels left.
You didn't know any spells.
Your spell library was empty.

Inventory:

Hand Weapons
 a - a +0 spectral mace (weapon) {mace}
Missiles
 h - 18 poisoned darts (quivered) {throwing}
 i - 16 sling bullets
 j - 30 stones {throwing}
 k - 10 arrows
Armour
 b - a +0 robe (worn)
Jewellery
 l - an amulet of magic regeneration {@e2}
   (You found it on level 7 of the Dungeon)
Wands
 g - a wand of digging (3)
Scrolls
 c - a scroll of fog
 d - a scroll of magic mapping {!r}

Dungeon Overview and Level Annotations

Branches:
Dungeon (8/15)             Bailey (1/1)
 Temple: D:4-7         Lair: D:8-11

Altars:

Shops:
D:7 (

Annotations:
D:5 Eustachio
D:6 1 transporter, siradein's ghost, novice TeFi ### ##8## ##.@(## #8oog8#

##.§(##
######g######
#∩..K≈.≈K..∩#
#'###≈g≈###'#
#...K≈.≈....#
#'###≈o≈###+#
#^...≈.≈..K.#


You could see an orc warrior, a gnoll, 2 orcs, a hobgoblin, a goblin and a
friendly +0 spectral mace {mace} (summoned).


Message History

Unknown command.
You aren't carrying any potions.
Unknown command.
What are your orders? t - Shout!
Orders for allies: a - Attack new target. r - Retreat! s - Stop attacking. g - Guard the area. f - Follow me.
Anything else - Cancel.
Gang up on whom?
Press: ? - help, Dir - move target, f - orc
Aim: an orc, wielding a +0 hand axe and wearing a +0 leather armour
Okay, then.
Unknown command.
Throw: 20 darts (poison) {throwing}
Press: ? - help, Q - select action, (/) - cycle Shift-Dir - straight line, f - orc
Aim: an orc, wielding a +0 hand axe and wearing a +0 leather armour (59% to hit)
You throw a poisoned dart {throwing}.
The poisoned dart {throwing} barely misses the orc.
Throw: 19 darts (poison) {throwing}
Press: ? - help, Q - select action, (/) - cycle Shift-Dir - straight line, f/p - orc
Aim: an orc, wielding a +0 hand axe and wearing a +0 leather armour (59% to hit)
You throw a poisoned dart {throwing}.
The poisoned dart {throwing} barely misses the orc.
An orc comes into view. It is wielding a +0 hand axe. 😱 HP[+1]
You hit the orc but do no damage.
Your +0 spectral mace {mace} hits the orc!
You kill the orc!
You hit the goblin.
Your +0 spectral mace {mace} hits the goblin.
You kill the goblin!
The orc warrior barely misses you.
The orc warrior hits your +0 spectral mace {mace} but does no damage.
A goblin comes into view. It is wielding a +0 hand axe.
You hit the orc warrior.
Your +0 spectral mace {mace} barely misses the orc warrior.
The orc warrior hits you with a +0 hand axe.
* * * LOW HITPOINT WARNING * * *
The orc warrior hits your +0 spectral mace {mace} but does no damage. 😱 HP[-3]
You take 3 damage, and now have 8/79 hp.
You miss the orc warrior.
Your +0 spectral mace {mace} hits the orc warrior.
The gnoll closely misses your +0 spectral mace {mace}.
The orc warrior closely misses you.
The orc warrior hits your +0 spectral mace {mace} with a +0 hand axe.
Your spectral weapon shares its damage with you!
* * * LOW HITPOINT WARNING * * *
😱 HP[-3]
You take 3 damage, and now have 5/79 hp.
Unknown command.
Unknown command.
Unknown command.
You aren't carrying any potions.
You barely miss the orc warrior.
Your +0 spectral mace {mace} hits the orc warrior.
A hobgoblin comes into view. It is wielding a +0 hand axe.
The gnoll hits your +0 spectral mace {mace} with a +0 war axe!
Your spectral weapon shares its damage with you!
* * * LOW HITPOINT WARNING * * *
😱 HP[-4]
You take 4 damage, and now have 1/79 hp.
Unknown command.
You hit the orc warrior.
Your +0 spectral mace {mace} misses the orc warrior.
The orc warrior misses you.
The orc warrior closely misses your +0 spectral mace {mace}. 😱 HP[+1] Unknown command.
Okay, then.
Unknown command.
Okay, then.
You sock the orc warrior!
Your +0 spectral mace {mace} hits the orc warrior!
You kill the orc warrior!
The gnoll barely misses your +0 spectral mace {mace}.
The orc warrior closely misses you.
The orc warrior hits your +0 spectral mace {mace} with a +0 broad axe!
Your spectral weapon shares its damage with you!
Your +0 spectral mace {mace} fades away.
* * * LOW HITPOINT WARNING * * *
Your Fighting skill increases to level 8! 😱 HP[-1]
You now have 80 max hp (+1).
Unknown command.
Unknown command.
You aren't carrying any potions.
Okay, then.
Unknown command.
You barely miss the orc warrior.
Your +0 spectral mace {mace} hits the orc warrior.
An orc comes into view. It is wielding a +0 hand axe.
The orc pulls the alarm!
The alarm trap emits a blaring wail!
The mark upon you grows brighter.
You hit the orc warrior.
Your +0 spectral mace {mace} hits the orc warrior!
The orc warrior hits you with a +0 broad axe!
You die...

Skill      XL: |  1  2  3  4  5  6  7 |
---------------+----------------------+-----
Maces & Flails | 3 4 5 |  5.2
Fighting       | 5 6 7 8 |  8.2
Dodging        | |  1.7
Stealth        | |  3.7

Action                   |  1- 3 |  4- 6 |  7- 9 || total
-------------------------+-------+-------+-------++-------
Melee: Mace              |     3 |    24 |     9 ||    36
Throw: Dart              |       |       |     2 ||     2
Evoke: Wand              |       |    14 |       ||    14
  Use: Scroll            |     1 |     2 |       ||     3
       Potion            |       |     2 |       ||     2
 Stab: Sleeping          |     1 |     1 |       ||     2
       Distracted        |     1 |       |       ||     1
Armor: Robe              |       |     4 |       ||     4
Dodge: Dodged            |       |    23 |     4 ||    27

Levels and vault maps discovered:
D:5:      layout_loops_ring, temple_fountains, uniq_prince_ribbit1,
          uniq_duvessa, uniq_eustachio
D:6:      cheibrodos_helix_gallery, layout_basic, gammafunk_ghost_arena,
          enter_ossuary_3, kennysheep_cross_bottleneck
D:7:      layout_gridville, nicolae_gozag_zags_fifth_avenue,
          lemuel_doored_altar, serial_shops, kennysheep_mini_moat,
          nicolae_shop_trees, shop, nicolae_shop_waterfront, enter_bailey_2
D:8:      layout_basic, grunt_temple_overflow_champion_of_chaos, uniq_grum
Bailey:   bailey_axe_1, bailey

Notes
Turn   | Place    | Note
-------+----------+-------------------------------------------
     0 | D:5      | spaghetti the Ogre Delver began the quest for the Orb.
     0 | D:5      | Reached XP level 1. HP: 24/24 MP: 1/1
     0 | D:5      | magus.rc [v1.9.6]
     9 | D:5      | Noticed an iguana
    10 | D:5      | Noticed Eustachio
    37 | D:6      | Noticed a troll
    42 | D:6      | Found a transporter.
    42 | D:6      | Noticed siradein's ghost (novice TeFi)
    59 | D:6      | Reached skill level 2 in Maces & Flails
    78 | D:7      | Noticed a centaur
    84 | D:7      | Killed a centaur
    85 | D:7      | Reached skill level 5 in Fighting
    85 | D:7      | Reached skill level 3 in Maces & Flails
    85 | D:7      | Reached XP level 2. HP: 35/35 MP: 2/2
    85 | D:7      | Reached XP level 3. HP: 42/42 MP: 3/3
    85 | D:7      | Reached XP level 4. HP: 50/50 MP: 4/4
   115 | D:8      | Reached XP level 5. HP: 49/59 MP: 5/5
   116 | D:8      | Reached skill level 6 in Fighting
   116 | D:8      | Noticed an orc warrior
   209 | D:7      | Reached skill level 4 in Maces & Flails
   209 | D:7      | Reached XP level 6. HP: 63/68 MP: 6/6
   485 | D:7      | Found a flagged portal.
   487 | D:7      | Found Rifugh's Antique Weapon Emporium.
   497 | Bailey   | Entered a bailey
   515 | Bailey   | Noticed an orc warrior
   516 | Bailey   | Noticed an orc warrior
   520 | Bailey   | Noticed an orc warrior
   524 | Bailey   | Killed an orc warrior
   524 | Bailey   | Noticed an orc warrior
   525 | Bailey   | Reached skill level 7 in Fighting
   528 | Bailey   | HP: 15/71 [orc warrior (11)]
   529 | Bailey   | Killed an orc warrior
   534 | Bailey   | HP: 10/71 [orc warrior (3)]
   534 | Bailey   | Noticed an orc warrior
   535 | Bailey   | Killed an orc warrior
   536 | Bailey   | Reached skill level 5 in Maces & Flails
   536 | Bailey   | Reached XP level 7. HP: 10/79 MP: 7/7
   540 | Bailey   | HP: 8/79 [orc warrior (3)]
   542 | Bailey   | HP: 1/79 [gnoll (4)]
   545 | Bailey   | Reached skill level 8 in Fighting
   546 | Bailey   | Demolished by an orc warrior

Vanquished Creatures
  4 orc warriors (Bailey)
  A centaur (D:7)
  3 howler monkeys (D:8)
  An orc priest (D:7)
  An ufetubus (D:6)
  4 orcs
  A hobgoblin (Bailey)
  A goblin (Bailey)
16 creatures vanquished.

Table legend:
 A = Non-vault XP
 B = Vault XP
 C = Vault XP percentage of total XP
 D = Non-vault monster count
 E = Vault monster count
 F = Vault count percentage of total count
                 A         B        C        D         E       F
            +---------+---------+-------+---------+---------+-------
      Total |     324 |     540 |  62.5 |       8 |       8 |  50.0
            +---------+---------+-------+---------+---------+-------
        D:6 |       8 |       0 |   0.0 |       1 |       0 |   0.0
        D:7 |     156 |       0 |   0.0 |       3 |       0 |   0.0
        D:8 |     160 |       0 |   0.0 |       4 |       0 |   0.0
     Bailey |       0 |     540 | 100.0 |       0 |       8 | 100.0
            +---------+---------+-------+---------+---------+-------

Illustrated notes

Table legend:
 A = Kills in this place as a percentage of kills in entire the game.
 B = Kills by you in this place as a percentage of kills by you in the entire game.
 C = Kills by friends in this place as a percentage of kills by friends in the entire game.
 D = Other kills in this place as a percentage of other kills in the entire game.
 E = Experience gained in this place as a percentage of experience gained in the entire game.
 F = Experience gained in this place divided by the number of levels of this place that you have seen.
                   A       B       C       D       E      F
               +-------+-------+-------+-------+-------+----------------------
         Total | 100.0 | 100.0 |   N/A |   N/A | 100.0 | 172.8
       Dungeon |  50.0 |  50.0 |   N/A |   N/A |  37.5 |  81.0
        Bailey |  50.0 |  50.0 |   N/A |   N/A |  62.5 | 540.0
               +-------+-------+-------+-------+-------+----------------------

Table legend: (Time is in decaauts)
 A = Elapsed time spent in this place.
 B = Non-inter-level travel time spent in this place.
 C = Inter-level travel time spent in this place.
 D = Time resting spent in this place.
 E = Time spent auto-exploring this place.
 F = Levels seen in this place.
 G = Mean time per level.
                   A        B        C        D        E       F      G
               +--------+--------+--------+--------+--------+-----+--------+
         Total |    546 |    532 |     14 |     71 |    305 |   5 |  109.2 |
       Dungeon |    503 |    489 |     14 |     71 |    305 |   4 |  125.8 |
        Bailey |     43 |     43 |      0 |      0 |      0 |   1 |   43.0 |
               +--------+--------+--------+--------+--------+-----+--------+

Top non-repeatable levels by time:
     D:7: 312 daAuts
     D:8: 113 daAuts
     D:6: 58 daAuts
  Bailey: 43 daAuts
     D:5: 20 daAuts
